 Dungeon Crawl Stone Soup version 0.17.0-73-gb648821 (webtiles) character file.

97 Clownie the Shield-Bearer (level 5, -5/41 HPs)
             Began as a Formicid Fighter on Dec 9, 2015.
             Killed by divine providence
             ... invoked by an orc priest
              (13 damage)
             ... on level 3 of the Dungeon.
             The game lasted 00:01:37 (1331 turns).

Clownie the Shield-Bearer (Formicid Fighter)        Turns: 1331, Time: 00:01:37

Health: -5/41      AC:  6    Str: 21    XL:     5   Next: 0%
Magic:  5/5        EV:  3    Int:  8    God:
Gold:   60         SH: 10    Dex: 10    Spells: 0 memorised, 4 levels left

rFire  . . .     SeeInvis +     a - +0 war axe
rCold  . . .     Clarity  .     b - +0 scale mail
rNeg   . . .     SustAt   .     c - +0 shield
rPois  .         Gourm    .     (helmet unavailable)
rElec  .         Spirit   .     (no cloak)
rCorr  .         Warding  .     (no gloves)
rMut   .         Stasis   +     (no boots)
MR     .....                    (no amulet)
Stlth  ..........               (no ring)
                                (no ring)

@: not resistant to hostile enchantments, extremely unstealthy
A: permanent stasis, dig shafts and tunnels, four strong arms, antennae 3
a: Dig, Shaft Self


You were on level 3 of the Dungeon.
You were hungry.

You visited 1 branch of the dungeon, and saw 3 of its levels.

You collected 60 gold pieces.

Inventory:

Hand Weapons
 a - a +0 war axe (weapon)
Armour
 b - a +0 scale mail (worn)
 c - a +0 shield (worn)
Jewellery
 n - an uncursed ring of see invisible {unknown}
Scrolls
 f - 3 scrolls of identify {unknown}
 g - 2 scrolls of magic mapping {unknown}
 h - a scroll of recharging {unknown}
 k - a scroll of enchant armour {unknown}
Potions
 d - a potion of might
 i - a potion of beneficial mutation {unknown}
 j - 3 potions of haste {unknown}
 l - a potion of lignification {unknown}
 m - a potion of ambrosia {unknown}
Comestibles
 e - 2 bread rations


   Skills:
 - Level 3.2 Fighting
 - Level 2.0 Axes
 - Level 3.2 Armour
 + Level 6.4 Shields


You had 4 spell levels left.
You didn't know any spells.

Dungeon Overview and Level Annotations

Branches:
Dungeon (3/15)

Altars:
Ru


Innate Abilities, Weirdness & Mutations

You are under a permanent stasis effect.
You can dig through walls and to a lower floor.
Your four strong arms can wield two-handed weapons with a shield.
You have a pair of large antennae on your head (SInv).


Message History

You bump into the rock wall.
The orc wizard hits you but does no damage.
You slash the orc wizard!
The orc wizard is heavily wounded.
The orc wizard gestures at you while chanting.
The puff of flame hits you!
The orc wizard hits you but does no damage.
You bump into the rock wall.
The orc priest invokes the aid of Beogh against you.
Something smites you! The orc wizard closely misses you.
The orc wizard casts a spell at you. The puff of flame hits you!
* * * LOW HITPOINT WARNING * * *
The orc wizard mumbles some strange words.
The orc wizard flickers and vanishes for a moment.
You feel less confused.
There is a stone staircase leading up here.
The orc priest calls down the wrath of Beogh upon you.
Something smites you!
You die...

.# #$# #.# {
#.# #.# #.#
####.####
#.@.....#
#####.##o##.# .
#......).##....
#.###o#.o)...#
#.#.##?..#
..#.# ......
#..... ..#..
#^##.# #.# . ..
..# ..


You could see an orc priest and an orc wizard (invisible).

Vanquished Creatures
  3 adders (D:2)
  An ooze (D:1)
  A worm (D:2)
  2 giant geckos
  2 orcs
  5 bats
  2 giant cockroaches (D:2)
  12 goblins
  4 hobgoblins
  5 jackals
  2 ball pythons
  6 giant newts
  8 kobolds
  5 rats
58 creatures vanquished.

Notes
Turn   | Place    | Note
--------------------------------------------------------------
     0 | D:1      | Clownie the Formicid Fighter began the quest for the Orb.
     0 | D:1      | Reached XP level 1. HP: 18/18 MP: 1/1
    29 | D:1      | Reached skill level 4 in Shields
    29 | D:1      | Reached XP level 2. HP: 24/24 MP: 2/2
   210 | D:1      | Reached XP level 3. HP: 29/29 MP: 3/3
   276 | D:1      | Reached skill level 5 in Shields
   568 | D:2      | Reached XP level 4. HP: 35/35 MP: 4/4
   929 | D:2      | Reached skill level 6 in Shields
  1006 | D:2      | Found a sacrificial altar of Ru.
  1157 | D:2      | Reached XP level 5. HP: 10/41 MP: 5/5
  1331 | D:3      | Killed from afar by an orc priest

Action                   |  1- 3 |  4- 6 || total
-------------------------+-------+-------++-------
Melee: War axe           |    87 |    56 ||   143
  Eat: Chunk             |       |     1 ||     1
